 Dungeon Crawl Stone Soup version 0.28-a0-474-g535839065c (webtiles) character file.

Game seed: 3871757377163645412

209312 dolemite99 the Eternal Night (level 18, -20/141 HPs)
             Began as a Gnoll Earth Elementalist on Sept 15, 2021.
             Was the Champion of Dithmenos.
             Killed from afar by an ironbound frostheart (39 damage)
             ... by creeping frost
             ... on level 1 of the Vaults on Sept 16, 2021.
             The game lasted 02:30:37 (68200 turns).

dolemite99 the Eternal Night (GnEE)                Turns: 68200, Time: 02:30:38

Health: -20/141    AC: 24    Str:  8    XL:     18   Next: 81%
Magic:  27/45      EV: 17    Int: 28    God:    Dithmenos [******]
Gold:   97         SH: 12    Dex: 15    Spells: 13/43 levels left

rFire   . . .      SeeInvis .   a - staff of earth
rCold   . . .      Faith    .   Q - +0 kite shield
rNeg    + . .      Spirit   .   N - +1 acid dragon scales
rPois   +          Reflect  .   L - +3 hat of Pondering {ponderous, Will+ MP+10 Int+5}
rElec   +          Harm     .   s - +2 cloak
rCorr   +          Rampage  .   e - +2 pair of gloves
Will    +++..      Rage     1%  G - +2 pair of boots
Stlth   +++++++++.              p - amulet of Famoh {RegenMP rElec rPois Int+3}
HPRegen 0.33/turn               z - ring of Creativity {rElec rPois rN+ Will+ rCorr, =R}
MPRegen 0.54/turn               y - ring of wizardry

@: very slightly contaminated, wreathed by umbra, invisible, slow
A: fangs 1, strong nose, distributed training, berserk 1
}: 1/15 runes: gossamer
a: Renounce Religion, Shadow Step, Shadow Form


You were on level 1 of the Vaults.
You worshipped Dithmenos.
Dithmenos was exalted by your worship.
You visited 6 branches of the dungeon, and saw 30 of its levels.

You collected 2297 gold pieces.
You spent 2200 gold pieces at shops.

Inventory:

Hand Weapons
 b - a +2 fustibalus
 d - a +3 demon trident of venom
 D - the +9 war axe "Cerhy" {freeze, Will+ Stlth+}
   (You found it on level 4 of the Lair of Beasts)

   It freezes those it strikes, dealing additional cold damage.
   It can also slow down cold-blooded creatures.
   Will:      It increases your willpower.
   Stlth:     It makes you more stealthy.
Missiles
 g - 11 javelins (quivered)
 i - 30 boomerangs
 n - 105 sling bullets
 T - 268 stones
 V - 6 silver javelins
Armour
 e - a +2 pair of gloves (worn)
 s - a +2 cloak (worn)
 G - a +2 pair of boots (worn)
 L - the +3 hat of Pondering (worn) {ponderous, Will+ MP+10 Int+5}
   (You bought it in a shop on level 2 of the Orcish Mines)

   Int:       It affects your intelligence (+5).
   MP:        It affects your magic capacity (+10).
   Will:      It increases your willpower.
 M - the +1 leather armour of Isoxki {rN+ Str+4 SInv}
   (You found it on level 6 of the Dungeon)

   Str:       It affects your strength (+4).
   rN:        It protects you from negative energy.
   SInv:      It lets you see invisible.
 N - +1 acid dragon scales (worn)
 Q - a +0 kite shield (worn)
Magical Staves
 a - a staff of earth (weapon)
Jewellery
 p - the amulet of Famoh (around neck) {RegenMP rElec rPois Int+3}
   (You acquired it on level 1 of the Shoals)

   [amulet of magic regeneration]

   It increases your rate of magic regeneration.
   Int:       It affects your intelligence (+3).
   rElec:     It insulates you from electricity.
   rPois:     It protects you from poison.
 w - a ring of protection from fire
 y - a ring of wizardry (right hand)
 z - a ring of Creativity (left hand) {rElec rPois rN+ Will+ rCorr, =R}
   (You acquired it on level 5 of the Dungeon)

   [ring of willpower]

   rElec:     It insulates you from electricity.
   rPois:     It protects you from poison.
   rN:        It protects you from negative energy.
   rCorr:     It protects you from acid and corrosion.
   Will:      It increases your willpower.
 B - a ring of protection from cold
 U - a ring of poison resistance
Wands
 m - a wand of flame (25)
 t - a wand of iceblast (20)
 P - a wand of polymorph (41)
 X - a wand of mindburst (1)
 Z - a wand of digging (2)
Scrolls
 c - 3 scrolls of silence
 j - a scroll of amnesia
 E - 5 scrolls of teleportation
 F - a scroll of fog
 H - 3 scrolls of fear
 I - a scroll of blinking
 R - a scroll of identify {@r1}
Potions
 f - a potion of resistance
 h - a potion of brilliance
 k - 6 potions of flight
 o - 10 potions of ambrosia
 q - 4 potions of attraction
 u - 3 potions of lignification
 v - 3 potions of might
 A - a potion of magic
 O - 4 potions of curing
 S - a potion of berserk rage
 Y - a potion of haste
Miscellaneous
 r - a lightning rod (1/4)
 x - a box of beasts (inert)
 W - a phial of floods (inert)


   Skills:
 + Level 12.4 Fighting
 + Level 12.4 Short Blades
 + Level 12.4 Long Blades
 + Level 12.4 Axes
 + Level 12.4 Maces & Flails
 + Level 12.4 Polearms
 + Level 12.4 Staves
 + Level 12.4 Slings
 + Level 12.4 Bows
 + Level 12.4 Crossbows
 + Level 12.4 Throwing
 + Level 12.4 Armour
 + Level 13.1 Dodging
 + Level 13.0 Stealth
 + Level 12.4 Shields
 + Level 12.4 Unarmed Combat
 + Level 13.2 Spellcasting
 + Level 10.6 Conjurations
 + Level 10.6 Hexes
 + Level 10.6 Summonings
 + Level 10.6 Necromancy
 + Level 10.6 Translocations
 + Level 10.8 Transmutations
 + Level 10.6 Fire Magic
 + Level 10.6 Ice Magic
 + Level 10.6 Air Magic
 + Level 11.8 Earth Magic
 + Level 10.6 Poison Magic
 + Level 13.3 Invocations
 + Level 12.4 Evocations


You had 13 spell levels left.
You knew the following spells:

 Your Spells              Type           Power      Damage    Failure   Level
a - Iron Shot             Conj/Erth      44%        9d9       4%          6
b - Poisonous Vapours     Pois/Air       100%       N/A       1%          2
c - Stone Arrow           Conj/Erth      100%       3d13      1%          3
d - Passwall              Tmut/Erth      74%        N/A       1%          2
e - Vampiric Draining     Necr           33%        2d10      1%          3
f - Flame Wave            Conj/Fire      67%        3d12      1%          4
g - Conjure Flame         Conj/Fire      67%        6-21      1%          3
h - Blink                 Tloc           N/A        N/A       1%          2
i - Olgreb's Toxic Radia  Pois           67%        N/A       1%          4
s - Animate Skeleton      Necr           100%       N/A       1%          1

Your spell library contained the following spells:

 Spells                   Type           Power      Damage    Failure   Level
 Apportation              Tloc           100%       N/A       1%          1
 Foxfire                  Conj/Fire      100%       2x1d9     1%          1
 Pain                     Necr           100%       1d9       1%          1
 Sandblast                Erth           100%       2d20      1%          1
 Sting                    Tmut/Pois      100%       1d8       1%          1
 Summon Small Mammal      Summ           100%       N/A       1%          1
 Corpse Rot               Necr/Air       N/A        N/A       1%          2
 Slow                     Hex            67%        N/A       1%          2
 Confusing Touch          Hex            67%        N/A       1%          3
 Inner Flame              Hex/Fire       67%        N/A       1%          3
 Lesser Beckoning         Tloc           67%        N/A       1%          3
 Summon Guardian Golem    Hex/Summ       67%        N/A       1%          3
 Animate Armour           Summ/Erth      100%       N/A       1%          4
 Iskenderun's Mystic Bla  Conj/Tloc      67%        2d14      1%          4
 Petrify                  Tmut/Erth      89%        N/A       1%          4
 Agony                    Necr           67%        N/A       1%          5
 Alistair's Intoxication  Tmut/Pois      45%        N/A       1%          5
 Excruciating Wounds      Necr           33%        N/A       1%          5
 Manifold Assault         Tloc           67%        N/A       1%          5
 Silence                  Hex/Air        33%        N/A       1%          5
 Invisibility             Hex            33%        N/A       4%          6
 Orb of Destruction       Conj           33%        9d12      26%         7
 Spellforged Servitor     Conj/Summ      33%        N/A       26%         7
 Storm Form               Tmut/Air       34%        N/A       26%         7


Dungeon Overview and Level Annotations

Branches:
Dungeon (15/15)            Temple (0/1) D:7            Lair (6/6) D:11
 Shoals (2/4) Lair:2       Spider (4/4) Lair:4        Slime (0/5) Lair:5
    Orc (2/2) D:12            Elf (0/3) Orc:2        Vaults (1/5) D:13
 Depths (0/5) D:15

Altars:
Dithmenos
Fedhas
Gozag
Kikubaaqudgha
Nemelex Xobeh
Okawaru
Qazlal
Ru
Xom
Beogh
Jiyva

Shops:
D:3 :   D:4 *   D:5 :[(   D:7 *   D:11 [   Orc:2 [[*(   Vaults:1 *

Portals:
Trove: D:12 (give 17 scrolls of teleportation)

Annotations:
D:4 exclusion: downstairs
D:7 2 transporters, bande's ghost, novice HOFi
D:9 1 runed translucent door, exclusion: downstairs, frimble's ghost, novice OpWr
D:10 exclusion: downstairs
D:11 1 runed translucent door, lunkers's ghost, journeyman DjEE
Lair:1 3 runed translucent doors, Zihiad's ghost, journeyman DgTm
Lair:5 3 runed translucent doors, exclusion: oklob plant, Bihe's ghost, journeyman HuBe


Innate Abilities, Weirdness & Mutations

You have very sharp teeth.
Your uncanny sense of smell can sniff out nearby items.
Your experience applies equally to all skills.
You tend to lose your temper in combat.


Message History

The ironbound preserver hits your slime creature with a +0 dire flail!
Aim the phial where?
Press: ? - help, Shift-Dir - straight line, f - ironbound preserver
Aim: an ironbound preserver, wielding a +0 dire flail and wearing a +0 leather armour (sheltered from injuries, umbra)
The torrent of water hits the ironbound preserver!!
The ironbound preserver is lightly wounded.
The ironbound preserver is knocked back by the torrent of water.
The wave splashes down.
The ironbound preserver is engulfed in water.
The ettin is engulfed in water.
The vault warden is engulfed in water.
You hear a shout! x4
Your vault sentinel hits the ironbound preserver with a +0 long sword!
Your slime creature hits the ironbound preserver!
The ironbound preserver dies!
Dithmenos accepts your kill.
You fade into invisibility!
Your vault sentinel unwields a +0 long sword.
Your vault sentinel wields a +0 arbalest.
Your vault sentinel shoots a bolt.
The bolt barely misses the vault warden.
The bolt hits the ironbound preserver.
Your slime creature hits the ettin!
The ettin hits your slime creature with a +0 dire flail!!
The ettin hits your slime creature with a +0 dire flail!!!
Your slime creature dies!
Your slime creature dissolves into shadows!
Your slime creature hits the ironbound preserver!
The vault sentinel blows a loud note on a signal horn!
You hear a shout! x2
You are very lightly contaminated with residual magic.
Your vault sentinel shoots a bolt.
The bolt hits the ironbound preserver!!
The ironbound frostheart barely misses your slime creature.
Your slime creature hits the ironbound preserver.
You open the door.
The ironbound preserver hits your vault sentinel but does no damage.
Your vault sentinel hits the ironbound preserver with a +0 long sword!
Your slime creature hits the ironbound preserver!
Your slime creature hits the ironbound preserver but does no damage.
The ironbound frostheart calls freezing cold from the walls.
The frost grips you!!!
You die...

,,,,,,,* #......# #..###..
,,,,,,,* #......# #.......
******** #......# #.......
*********######'##+##############
,,,,,,,,,........................
,,,,,,,,,........................
,,,,,,,,,........................
,,,,,,,,,........................
*********#######@################
#...p...# #...#...###########
#..J..).#......pp..
#.#JJ≈#p#)######∆.#
#...ppC.))#,,,**..#
#..p#≈≈.#§#,,*,*.J# *
#..≈≈≈≈.#p#,*,,*p.# *
#########C#*,,,,p..


You could see an ironbound preserver (waterlogged, ally target), a vault warden
(waterlogged), an ettin (waterlogged), an ironbound frostheart, a vault
sentinel, 3 friendly slime creatures and a friendly vault sentinel (summoned).

Vanquished Creatures
  Arachne (Spider:3)
  Rupert (D:12)
  Jorgrun (D:15)
  A sphinx (Vaults:1)
  Gastronok (D:12)
  Frances (Spider:2)
  Agnes (Spider:1)
  2 vault wardens (Vaults:1)
  7 emperor scorpions
  An orc warlord (Vaults:1)
  2 ghost moths (Spider:4)
  2 ironbound preservers (Vaults:1)
  2 entropy weavers (Spider:3)
  Azrael (D:14)
  3 dire elephants
  A spark wasp (Spider:3)
  A merfolk javelineer (Shoals:1)
  4 merfolk impalers (Shoals:1)
  Josephine (D:14)
  A yaktaur captain (Vaults:1)
  Fannar (D:10)
  4 vault guards (D:13)
  4 hydras
  Harold (D:9)
  5 boulder beetles
  10 centaur warriors
  2 ogre magi
  A catoblepas (Lair:5)
  6 two-headed ogres
  A death knight (D:10)
  A merfolk avatar (Shoals:1)
  2 ironbound beastmasters (Vaults:1)
  4 death yaks
  3 orc high priests (Orc:2)
  2 tengu warriors
  Urug (Lair:2)
  A deep troll earth mage (Vaults:1)
  Sonja (D:11)
  3 skeletal warriors
  8 deep trolls (Vaults:1)
  3 sea snakes (Shoals:1)
  Pikel (D:7)
  2 lindwurms (Lair:5)
  7 orc knights
  4 wizards (Vaults:1)
  A salamander (D:15)
  A harpy (shapeshifter) (D:15)
  2 deep elf pyromancers
  2 ironbound convokers (Vaults:1)
  18 orb spiders
  7 cyclopes
  5 orc sorcerers
  5 fauns (Shoals:1)
  13 manticores
  29 wolf spiders
  16 ugly things
  12 elephants
  Maurice (D:8)
  3 black mambas
  A moth of wrath (Spider:4)
  3 merfolk sirens
  3 water nymphs (Shoals:1)
  A vault sentinel (Vaults:1)
  5 cane toads
  10 komodo dragons
  2 torpor snails
  A rime drake (Lair:5)
  Psyche (D:12)
  A freezing wraith (D:14)
  An unseen horror (D:12)
  An efreet (D:14)
  10 demonic crawlers
  2 yaktaurs (Vaults:1)
  19 jumping spiders
  A polar bear (Lair:4)
  3 meliai (D:14)
  2 wind drakes (Shoals:1)
  A jumping spider (shapeshifter) (D:13)
  8 merfolk
  3 trolls
  6 hornets
  3 snapping turtles (Shoals:1)
  Grinder (D:5)
  10 blink frogs
  14 slime creatures
  A meliai zombie (D:10)
  Sigmund (D:4)
  A spriggan (shapeshifter) (D:13)
  6 spriggans (Lair:2)
  41 tarantellas
  A centaur simulacrum (D:15)
  A vampire (D:13)
  69 redbacks
  2 shadows
  55 yaks
  9 wraiths
  2 water elementals (Shoals:1)
  2 wyverns
  Eustachio (D:3)
  3 fire elementals
  6 basilisks
  7 vampire mosquitoes
  Menkaure (D:6)
  A warg (D:15)
  5 acid dragons
  2 hell hounds (D:14)
  17 water moccasins
  A floating eye (D:10)
  2 sky beasts
  20 orc warriors
  4 necrophages
  5 black bears
  12 wolves
  10 ogres
  12 centaurs
  A phantom (D:5)
  A lemure (D:7)
  4 kobold brigands
  13 bullfrogs
  3 scorpions (Lair:4)
  6 killer bees
  4 wights (D:8)
  2 electric eels
  6 howler monkeys
  8 centaur zombies
  7 hounds
  A gnoll shaman (D:6)
  2 jellies
  A bullfrog skeleton (D:5)
  14 orc priests
  Crazy Yiuf (D:2)
  Jessica (D:2)
  6 iguanas
  14 orc wizards
  A scorpion zombie (D:5)
  3 howler monkey zombies
  3 gnolls (D:6)
  A howler monkey skeleton (D:5)
  4 adders
  A shadow imp (D:6)
  2 ufetubi
  2 worms (Lair:4)
  3 adder skeletons (D:4)
  A dart slug (D:4)
  38 orcs
  7 ball pythons
  5 endoplasms
  4 giant cockroaches
  8 goblins
  7 hobgoblins
  3 jackals (D:2)
  22 kobolds
  5 quokkas
  5 bats
  2 frilled lizards
  3 rats (D:1)
  A butterfly (Lair:4)
867 creatures vanquished.

Vanquished Creatures (collateral kills)
  Louise (Shoals:2)
  An ironbound preserver (Vaults:1)
  An emperor scorpion (Spider:3)
  A very ugly thing (Vaults:1)
  A merfolk javelineer (Shoals:1)
  A dire elephant (Vaults:1)
  A deep troll (Vaults:1)
  An ironbound convoker (Vaults:1)
  4 ugly things (D:14)
  A faun (Shoals:1)
  An elephant (Lair:2)
  A merfolk siren (Shoals:1)
  A gargoyle (D:10)
  A water nymph (Shoals:1)
  A demonic crawler (Spider:3)
  A polar bear (Lair:2)
  A hornet (Spider:4)
  A tarantella (Spider:4)
  5 yaks
  A basilisk (Lair:2)
  5 necrophages (Lair:4)
  4 centaurs (D:15)
  A scorpion (Lair:4)
37 creatures vanquished.

Vanquished Creatures (others)
  A centaur warrior (D:15)
  A slime creature (Vaults:1)
  An orc wizard (Orc:2)
  38 fungi
  90 plants
131 creatures vanquished.

Grand Total: 1035 creatures vanquished

Notes
Turn   | Place    | Note
-------+----------+-------------------------------------------
     0 | D:1      | dolemite99 the Gnoll Earth Elementalist began the quest for
                  | the Orb.
     0 | D:1      | Reached XP level 1. HP: 13/13 MP: 6/6
   175 | D:1      | Reached XP level 2. HP: 19/19 MP: 5/7
   814 | D:1      | Reached XP level 3. HP: 24/25 MP: 3/9
  1097 | D:2      | Reached skill level 5 in Spellcasting
  1303 | D:2      | Noticed Jessica
  1308 | D:2      | Killed Jessica
  1309 | D:2      | Reached skill level 1 in Fighting
  1309 | D:2      | Reached skill level 1 in Short Blades
  1309 | D:2      | Reached skill level 1 in Long Blades
  1309 | D:2      | Reached skill level 1 in Axes
  1309 | D:2      | Reached skill level 1 in Maces & Flails
  1309 | D:2      | Reached skill level 1 in Polearms
  1309 | D:2      | Reached skill level 1 in Staves
  1309 | D:2      | Reached skill level 1 in Slings
  1309 | D:2      | Reached skill level 1 in Bows
  1309 | D:2      | Reached skill level 1 in Crossbows
  1309 | D:2      | Reached skill level 1 in Throwing
  1309 | D:2      | Reached skill level 1 in Armour
  1309 | D:2      | Reached skill level 1 in Shields
  1309 | D:2      | Reached skill level 1 in Unarmed Combat
  1309 | D:2      | Reached skill level 1 in Invocations
  1309 | D:2      | Reached skill level 1 in Evocations
  1363 | D:2      | Reached XP level 4. HP: 30/32 MP: 7/11
  1424 | D:2      | Learned a level 3 spell: Stone Arrow
  1535 | D:2      | Found a runed translucent door.
  1536 | D:2      | Noticed Crazy Yiuf
  1831 | D:2      | Killed Crazy Yiuf
  1832 | D:2      | Reached skill level 1 in Conjurations
  1832 | D:2      | Reached skill level 1 in Hexes
  1832 | D:2      | Reached skill level 1 in Summonings
  1832 | D:2      | Reached skill level 1 in Necromancy
  1832 | D:2      | Reached skill level 1 in Translocations
  1832 | D:2      | Reached skill level 1 in Fire Magic
  1832 | D:2      | Reached skill level 1 in Ice Magic
  1832 | D:2      | Reached skill level 1 in Air Magic
  1832 | D:2      | Reached skill level 1 in Poison Magic
  2173 | D:3      | Found a blossoming altar of Fedhas.
  2281 | D:3      | Reached XP level 5. HP: 37/37 MP: 9/12
  2699 | D:3      | Found Ostefih's Book Boutique.
  2717 | D:3      | Bought a book of Vapours for 156 gold pieces
  2721 | D:3      | Learned a level 2 spell: Poisonous Vapours
  2992 | D:4      | Noticed a black bear
  2992 | D:4      | Noticed a black bear
  3003 | D:3      | Killed a black bear
  3004 | D:3      | Reached XP level 6. HP: 31/44 MP: 9/13
  3345 | D:4      | Noticed Eustachio
  3509 | D:3      | Killed Eustachio
  3510 | D:3      | Reached skill level 5 in Dodging
  4184 | D:4      | Noticed a necrophage
  4190 | D:4      | Killed a necrophage
  4191 | D:4      | Reached XP level 7. HP: 50/50 MP: 9/15
  4544 | D:4      | Found a shadowy altar of Dithmenos.
  4561 | D:4      | Became a worshipper of Dithmenos the Shadowed
  4570 | D:4      | Found Ybir's Mayhem Merchandise.
  4616 | D:4      | Learned a level 2 spell: Passwall
  4617 | D:4      | Identified the +2 scale mail of the Unbroken {rN+ rCorr
                  | Str-4 Dex+10}
  4619 | D:4      | Found a sparkling altar of Nemelex Xobeh.
  4886 | D:4      | Noticed Sigmund
  4892 | D:4      | Killed Sigmund
  4893 | D:4      | Reached skill level 5 in Stealth
  5190 | D:5      | Entered Level 5 of the Dungeon
  5251 | D:5      | Reached XP level 8. HP: 57/57 MP: 9/16
  5588 | D:5      | Noticed Grinder
  5595 | D:5      | Killed Grinder
  5665 | D:5      | Reached * piety under Dithmenos
  5789 | D:5      | Found Anupudiopu's Book Shop.
  5798 | D:5      | Found Eteyraf's Weapon Boutique.
  5801 | D:5      | Found Pameq's Armour Shop.
  6348 | D:5      | Identified the +0 chain mail of Seqypin {rElec}
  6354 | D:5      | Found Wyokhifa's Antique Weapon Shoppe.
  6356 | D:5      | Bought a +0 hunting sling of freezing for 70 gold pieces
  6941 | D:5      | Reached XP level 9. HP: 65/65 MP: 14/18
  6993 | D:5      | Identified a scroll of acquirement
  6993 | D:5      | Acquired a ring of Creativity {rElec rPois rN+ Will+ rCorr}
  7061 | D:5      | Noticed a troll
  7068 | D:5      | Killed a troll
  7790 | D:6      | You fall into a shaft and drop 3 floors!
  8561 | D:8      | Noticed Maurice
  8705 | D:7      | Reached skill level 5 in Invocations
  9064 | D:7      | Found a transporter.
  9494 | D:7      | Found a stormy altar of Qazlal.
  9503 | D:7      | Found a staircase to the Ecumenical Temple.
  9767 | D:7      | Noticed Pikel
  9773 | D:7      | Killed Pikel
  9774 | D:7      | Reached XP level 10. HP: 72/73 MP: 10/20
  9792 | D:7      | Found a transporter.
  9833 | D:7      | Noticed bande's ghost (novice HOFi)
  9887 | D:7      | Reached ** piety under Dithmenos
  9888 | D:7      | Reached skill level 5 in Fighting
  9888 | D:7      | Reached skill level 5 in Short Blades
  9888 | D:7      | Reached skill level 5 in Long Blades
  9888 | D:7      | Reached skill level 5 in Axes
  9888 | D:7      | Reached skill level 5 in Maces & Flails
  9888 | D:7      | Reached skill level 5 in Polearms
  9888 | D:7      | Reached skill level 5 in Staves
  9888 | D:7      | Reached skill level 5 in Slings
  9888 | D:7      | Reached skill level 5 in Bows
  9888 | D:7      | Reached skill level 5 in Crossbows
  9888 | D:7      | Reached skill level 5 in Throwing
  9888 | D:7      | Reached skill level 5 in Armour
  9888 | D:7      | Reached skill level 5 in Shields
  9888 | D:7      | Reached skill level 5 in Unarmed Combat
  9888 | D:7      | Reached skill level 5 in Evocations
 10124 | D:7      | Identified the +6 chain mail "Pabb" {rF+ Int+7 Slay-4}
 10142 | D:6      | Noticed Menkaure
 10421 | D:8      | Killed Maurice
 11715 | D:7      | Found Ucuogag's CLEARANCE SALE!.
 11720 | D:7      | Bought a potion of curing for 12 gold pieces
 11720 | D:7      | Bought a scroll of teleportation for 12 gold pieces
 11720 | D:7      | Bought a scroll of silence for 30 gold pieces
 11799 | D:7      | Reached skill level 5 in Transmutations
 11895 | D:4      | Bought a wand of iceblast (3) for 91 gold pieces
 12502 | D:9      | Found an iron altar of Okawaru.
 12502 | D:9      | Found an opulent altar of Gozag.
 12502 | D:9      | Found a sacrificial altar of Ru.
 12502 | D:9      | Found an ancient bone altar of Kikubaaqudgha.
 12505 | D:9      | Noticed Harold
 12701 | D:9      | Found a runed translucent door.
 12701 | D:9      | Noticed frimble's ghost (novice OpWr)
 13644 | D:9      | Killed Harold
 13645 | D:9      | Reached XP level 11. HP: 45/81 MP: 19/22
 14143 | D:9      | Noticed a cyclops
 14148 | D:9      | Killed a cyclops
 14149 | D:9      | Reached skill level 5 in Conjurations
 14149 | D:9      | Reached skill level 5 in Hexes
 14149 | D:9      | Reached skill level 5 in Summonings
 14149 | D:9      | Reached skill level 5 in Necromancy
 14149 | D:9      | Reached skill level 5 in Translocations
 14149 | D:9      | Reached skill level 5 in Fire Magic
 14149 | D:9      | Reached skill level 5 in Ice Magic
 14149 | D:9      | Reached skill level 5 in Air Magic
 14149 | D:9      | Reached skill level 5 in Poison Magic
 14462 | D:10     | Entered Level 10 of the Dungeon
 14552 | D:10     | Noticed Fannar
 14602 | D:10     | HP: 3/81 [Fannar/bolt of cold (29)]
 14611 | D:10     | Killed Fannar
 15737 | D:10     | Noticed a manticore
 15748 | D:10     | Noticed a two-headed ogre
 16020 | D:10     | Killed a two-headed ogre
 16673 | D:5      | Bought a book of Cantrips for 120 gold pieces
 16676 | D:5      | Learned a level 1 spell: Animate Skeleton
 16787 | D:6      | Killed Menkaure
 16822 | D:6      | Identified the +1 leather armour of Isoxki {rN+ Str+4 SInv}
 17278 | D:10     | Killed a manticore
 17682 | D:10     | Noticed a manticore
 17691 | D:10     | Killed a manticore
 17817 | D:10     | Noticed a deep elf pyromancer
 17823 | D:10     | Killed a deep elf pyromancer
 17838 | D:10     | Reached XP level 12. HP: 68/89 MP: 4/24
 18408 | D:10     | Noticed a death knight
 19080 | D:11     | Found a frozen archway.
 19484 | D:11     | Found a runed translucent door.
 19485 | D:11     | Found a shimmering altar of Xom.
 19485 | D:11     | Noticed lunkers's ghost (journeyman DjEE)
 19638 | D:11     | Noticed Sonja
 19644 | D:11     | Killed Sonja
 20381 | D:11     | Found Gisy's Armour Boutique.
 20384 | D:11     | Bought a +0 pair of boots for 72 gold pieces
 20465 | D:11     | Found a staircase to the Lair.
 21018 | Lair:1   | Entered Level 1 of the Lair of Beasts
 22139 | Lair:1   | Found a runed translucent gate.
 22139 | Lair:1   | Found a runed translucent gate.
 22139 | Lair:1   | Found a runed translucent gate.
 22143 | Lair:1   | Noticed Zihiad's ghost (journeyman DgTm)
 22149 | Lair:1   | Upgraded the game from 0.28-a0-465-ge2dae52223 to
                  | 0.28-a0-474-g535839065c
 22166 | Lair:1   | Learned a level 3 spell: Vampiric Draining
 22171 | Lair:1   | Learned a level 4 spell: Flame Wave
 22175 | Lair:1   | Learned a level 3 spell: Conjure Flame
 22178 | Lair:1   | Learned a level 2 spell: Blink
 22200 | Lair:1   | Reached *** piety under Dithmenos
 22221 | Lair:1   | Learned a level 1 spell: Sandblast
 23075 | Lair:2   | Reached XP level 13. HP: 84/98 MP: 18/26
 23715 | Lair:2   | Noticed Urug
 24562 | Lair:2   | Killed Urug
 24730 | Lair:2   | Reached **** piety under Dithmenos
 25385 | Lair:2   | Found a staircase to the Shoals.
 26015 | Lair:3   | Found a dark tunnel.
 26079 | Lair:3   | You fall into a shaft and drop 2 floors!
 26158 | Lair:4   | Found a hole to the Spider Nest.
 27255 | Lair:4   | Identified the +9 war axe "Cerhy" {freeze, Will+ Stlth+}
 28538 | Lair:4   | Reached skill level 10 in Spellcasting
 30583 | Lair:5   | Reached XP level 14. HP: 106/106 MP: 19/28
 30857 | Lair:5   | Reached ***** piety under Dithmenos
 30891 | Lair:5   | Reached skill level 10 in Dodging
 32159 | Lair:5   | Found a runed translucent gate.
 32159 | Lair:5   | Found a runed translucent gate.
 32159 | Lair:5   | Found a runed translucent gate.
 32160 | Lair:5   | Noticed a quicksilver ooze
 32165 | Lair:5   | Found a viscous altar of Jiyva.
 32165 | Lair:5   | Noticed Bihe's ghost (journeyman HuBe)
 32245 | Lair:5   | Found a staircase to the Slime Pits.
 32497 | Lair:5   | Reached skill level 10 in Stealth
 32959 | Lair:6   | Entered Level 6 of the Lair of Beasts
 33502 | Lair:6   | Reached skill level 10 in Invocations
 34903 | D:10     | Identified the +7 glaive "Z" {distort, Dex+3}
 35405 | D:5      | Bought a Young Poisoner's Handbook for 200 gold pieces
 35410 | D:5      | Learned a level 4 spell: Olgreb's Toxic Radiance
 35534 | D:12     | Noticed Psyche
 36175 | D:12     | Noticed Rupert
 36178 | D:12     | Found a staircase to the Orcish Mines.
 36178 | D:12     | Noticed Gastronok
 36182 | Orc:1    | Entered Level 1 of the Orcish Mines
 36560 | Orc:2    | Entered Level 2 of the Orcish Mines
 36592 | Orc:2    | Found a staircase to the Elven Halls.
 37805 | Orc:2    | Found Eskis's Armour Boutique.
 38666 | Orc:2    | Gained mutation: You tend to lose your temper in combat. [a
                  | neqoxec]
 39118 | Orc:2    | Found Rexeply's Assorted Antiques.
 39429 | Orc:2    | Found Fuqou's Armour Boutique.
 39430 | Orc:2    | Found Kipulagi's Antique Weapon Shoppe.
 39457 | Orc:2    | Bought a scroll of teleportation for 69 gold pieces
 39457 | Orc:2    | Bought a scroll labelled CIYCUQ ULLIU for 23 gold pieces
 39500 | Orc:2    | Bought the +3 hat of Pondering {ponderous, Will+ MP+10
                  | Int+5} for 647 gold pieces
 39500 | Orc:2    | Found the +3 hat of Pondering {ponderous, Will+ MP+10
                  | Int+5}
 39717 | D:12     | Reached XP level 15. HP: 110/115 MP: 28/29
 39814 | D:12     | Killed Psyche
 39883 | D:12     | Killed Rupert
 40567 | D:12     | Killed Gastronok
 41495 | D:13     | Found a gate to the Vaults.
 41516 | D:13     | Reached skill level 10 in Earth Magic
 41607 | D:13     | Reached skill level 10 in Fighting
 41607 | D:13     | Reached skill level 10 in Short Blades
 41607 | D:13     | Reached skill level 10 in Long Blades
 41607 | D:13     | Reached skill level 10 in Axes
 41607 | D:13     | Reached skill level 10 in Maces & Flails
 41607 | D:13     | Reached skill level 10 in Polearms
 41607 | D:13     | Reached skill level 10 in Staves
 41607 | D:13     | Reached skill level 10 in Slings
 41607 | D:13     | Reached skill level 10 in Bows
 41607 | D:13     | Reached skill level 10 in Crossbows
 41607 | D:13     | Reached skill level 10 in Throwing
 41607 | D:13     | Reached skill level 10 in Armour
 41607 | D:13     | Reached skill level 10 in Shields
 41607 | D:13     | Reached skill level 10 in Unarmed Combat
 41607 | D:13     | Reached skill level 10 in Evocations
 44020 | D:12     | Found a portal to a secret trove of treasure.
 45148 | D:14     | Noticed Josephine
 45155 | D:14     | Killed Josephine
 46412 | D:14     | Noticed Azrael
 46424 | D:14     | Killed Azrael
 48134 | D:15     | Entered Level 15 of the Dungeon
 48494 | D:15     | Noticed Jorgrun
 48501 | D:15     | Killed Jorgrun
 48502 | D:15     | Reached XP level 16. HP: 80/123 MP: 31/31
 48783 | D:15     | Found a sacrificial altar of Ru.
 49605 | D:15     | Found a staircase to the Depths.
 49979 | D:15     | Identified the +3 leather armour "Zeephar" {rC- rN+ Will+}
 51036 | D:5      | Bought Zoatulog's Tome of Clay for 300 gold pieces
 51044 | D:5      | Learned a level 6 spell: Iron Shot
 51630 | Spider:1 | Entered Level 1 of the Spider Nest
 51821 | Spider:1 | Noticed Agnes
 51831 | Spider:1 | Killed Agnes
 53739 | Spider:2 | Reached ****** piety under Dithmenos
 53808 | Spider:2 | Got the Collected Works on Conjuration and Beguiling
 53878 | Spider:2 | Noticed Frances
 53891 | Spider:2 | Killed Frances
 55454 | Spider:3 | Reached XP level 17. HP: 122/131 MP: 33/33
 56634 | Spider:3 | Noticed Arachne
 56641 | Spider:3 | Killed Arachne
 57334 | Spider:3 | Reached skill level 10 in Transmutations
 58540 | Spider:4 | Entered Level 4 of the Spider Nest
 60528 | Shoals:1 | Entered Level 1 of the Shoals
 61179 | Shoals:1 | Identified the +3 ring mail "Xuripi" {Str+4}
 61190 | Shoals:1 | Reached skill level 10 in Conjurations
 61190 | Shoals:1 | Reached skill level 10 in Hexes
 61190 | Shoals:1 | Reached skill level 10 in Summonings
 61190 | Shoals:1 | Reached skill level 10 in Necromancy
 61190 | Shoals:1 | Reached skill level 10 in Translocations
 61190 | Shoals:1 | Reached skill level 10 in Fire Magic
 61190 | Shoals:1 | Reached skill level 10 in Ice Magic
 61190 | Shoals:1 | Reached skill level 10 in Air Magic
 61190 | Shoals:1 | Reached skill level 10 in Poison Magic
 61462 | Shoals:1 | You fall into a shaft and drop 1 floor!
 61472 | Shoals:2 | Noticed Louise
 61728 | Shoals:1 | Acquired the amulet of Famoh {RegenMP rElec rPois Int+3}
 62889 | Shoals:2 | Killed Louise
 63584 | Spider:4 | Reached XP level 18. HP: 140/140 MP: 28/34
 65426 | Spider:4 | Got a gossamer rune of Zot
 65922 | Orc:2    | Bought a scroll of magic mapping for 80 gold pieces
 66167 | D:4      | Bought a wand of iceblast (13) for 221 gold pieces
 66352 | Vaults:1 | Entered Level 1 of the Vaults
 66663 | Vaults:1 | Found Pubuax's General Store.
 66919 | Vaults:1 | Bought a scroll of teleportation for 45 gold pieces
 66919 | Vaults:1 | Bought a scroll of fear for 52 gold pieces
 68200 | Vaults:1 | Killed from afar by an ironbound frostheart

Illustrated notes

Levels and vault maps discovered:
D:1:      eino_arrival_druids_welcome, layout_rooms, minmay_pentomino_p2
D:2:      layout_loops_ring, uniq_crazy_yiuf_cottage, uniq_jessica
D:3:      layout_loops_ring, fedhas_altar_2, serial_shops, shop,
          grunt_ministairs_9, kennysheep_cross_room
D:4:      layout_basic, grunt_dithmenos_smoke_and_mirrors, old_standard_altar,
          grunt_decor_fettered, minmay_shop_mayhem, minmay_quadrilaterals,
          uniq_eustachio, uniq_sigmund
D:5:      layout_loops_ring, serial_shops, shop, nicolae_shop_trees,
          nicolae_shop_crystal, kennysheep_mini_moat, minmay_small_thing,
          uniq_grinder
D:6:      layout_rooms, uniq_menkaure
D:7:      layout_loops_ring, nicolae_qazlal_general_emergency,
          minmay_temple_entry_from_below_a, gammafunk_ghost_mausoleum,
          nicolae_shop_clearance, uniq_pikel
D:8:      layout_loops_ring, uniq_maurice
D:9:      layout_stronghold, chequers_temple_overflow_statue_of_worship,
          gammafunk_ghost_grave, lightli_minifort, uniq_harold
D:10:     layout_rooms, small_chamber_with_monster, onia_ninara_cookie,
          uniq_fannar
D:11:     layout_cave_pools, david_lair_shrubbed,
          portal_ice_cave_entry_pillars_2, serial_shops,
          nicolae_shop_behind_doors, ebering_ghost_xom, billiards_dpeg,
          uniq_sonja
D:12:     layout_loops_ring, orc_0_dummy, nicolae_trove_entry_columns,
          drop_trap, uniq_gastronok, uniq_rupert, uniq_psyche
D:13:     layout_irregular_city, lightli_vaults_fourway_checkpoint
D:14:     layout_cross, uniq_josephine, uniq_azrael
D:15:     hangedman_depths_entry_try_elsewhere_first, layout_layer_cave,
          hangedman_ru_absence, uniq_jorgrun
Lair:1:   layout_big_grid, gammafunk_ghost_split
Lair:2:   kb_forest_paths, layout_cellular_growth, shoals_dummy_entry,
          serial_rivers, chequers_serial_rivers_large_a,
          chequers_serial_rivers_small_b, chequers_serial_rivers_marsh,
          chequers_serial_rivers_micro_b, uniq_urug
Lair:3:   layout_layer_cave, enter_volcano_2
Lair:4:   layout_hall_layers, nicolae_spider_entry_non_spiders,
          roderic_carrion_pond, serial_bayou_shore_a, lemuel_fruit_tree,
          lemuel_fruit_fields
Lair:5:   layout_misc_corridors, slime_dummy, gammafunk_ghost_ooze,
          gauntlet_entry_generic
Lair:6:   hellmonk_lair_end_abyssal_woods, layout_cave_pods, lemuel_fruit_fields
Shoals:1: layout_shoals, nicolae_shoals_pincushion_passage
Shoals:2: layout_shoals, serial_shops,
          nicolae_shop_temple_entry_statues_fountains,
          nicolae_shoals_arrival_archipelago, uniq_louise
Spider:1: layout_spider_delve, uniq_agnes
Spider:2: layout_spider_delve, uniq_frances
Spider:3: layout_chambers, nicolae_spider_eight_legs, uniq_arachne
Spider:4: grunt_spider_rune_circles, spiders_nest_ghost_moth_duel
Orc:1:    layout_caves, nicolae_shop_self_help
Orc:2:    st_orc_elflike, layout_diamond_mine, basic_altar
Vaults:1: ontoclasm_vaults_bender, vaults_standard_mumra_x,
          vaults_room_stairs_pillars, ontoclasm_vaults_shuriken, v_pattern_1,
          nicolae_vaults_minivaults, v_misc_4, hangedman_vaults_maws, v_misc_32,
          nicolae_vaults_rhombus_6, ontoclasm_vaults_loading_screen,
          layout_vaults_omnigrid, serial_shops, nicolae_shop_trees, uniq_donald

Skill      XL: |  1  2  3  4  5  6  7  8  9 10 11 12 13 14 15 16 17 18 |
---------------+-------------------------------------------------------+-----
Transmutations | 2 3 4 5 6 7 8 9 10 | 10.8
Spellcasting   | 5 6 7 8 9 10 11 12 13 | 13.2
Fighting       | 1 2 3 4 5 6 7 8 9 10 11 12 | 12.4
Short Blades   | 1 2 3 4 5 6 7 8 9 10 11 12 | 12.4
Long Blades    | 1 2 3 4 5 6 7 8 9 10 11 12 | 12.4
Axes           | 1 2 3 4 5 6 7 8 9 10 11 12 | 12.4
Maces & Flails | 1 2 3 4 5 6 7 8 9 10 11 12 | 12.4
Polearms       | 1 2 3 4 5 6 7 8 9 10 11 12 | 12.4
Staves         | 1 2 3 4 5 6 7 8 9 10 11 12 | 12.4
Slings         | 1 2 3 4 5 6 7 8 9 10 11 12 | 12.4
Bows           | 1 2 3 4 5 6 7 8 9 10 11 12 | 12.4
Crossbows      | 1 2 3 4 5 6 7 8 9 10 11 12 | 12.4
Throwing       | 1 2 3 4 5 6 7 8 9 10 11 12 | 12.4
Armour         | 1 2 3 4 5 6 7 8 9 10 11 12 | 12.4
Shields        | 1 2 3 4 5 6 7 8 9 10 11 12 | 12.4
Unarmed Combat | 1 2 3 4 5 6 7 8 9 10 11 12 | 12.4
Invocations    | 1 2 3 4 5 6 7 8 9 10 11 12 13 | 13.3
Evocations     | 1 2 3 4 5 6 7 8 9 10 11 12 | 12.4
Conjurations   | 1 2 3 4 5 6 7 8 9 10 | 10.6
Hexes          | 1 2 3 4 5 6 7 8 9 10 | 10.6
Summonings     | 1 2 3 4 5 6 7 8 9 10 | 10.6
Necromancy     | 1 2 3 4 5 6 7 8 9 10 | 10.6
Translocations | 1 2 3 4 5 6 7 8 9 10 | 10.6
Fire Magic     | 1 2 3 4 5 6 7 8 9 10 | 10.6
Ice Magic      | 1 2 3 4 5 6 7 8 9 10 | 10.6
Air Magic      | 1 2 3 4 5 6 7 8 9 10 | 10.6
Poison Magic   | 1 2 3 4 5 6 7 8 9 10 | 10.6
Dodging        | 5 6 7 8 9 10 11 12 13 | 13.1
Stealth        | 5 6 7 8 9 10 11 12 13 | 13.0
Earth Magic    | 6 7 8 9 10 11 | 11.8

Action                   |  1- 3 |  4- 6 |  7- 9 | 10-12 | 13-15 | 16-18 || total
-------------------------+-------+-------+-------+-------+-------+-------++-------
Melee: Unarmed           |     1 |       |       |       |       |       ||     1
       Mace              |       |     6 |     1 |       |       |       ||     7
       Whip              |       |       |       |     9 |       |       ||     9
       Bite              |       |       |       |     2 |     6 |    24 ||    32
       Demon trident     |       |       |       |    53 |    36 |       ||    89
       Fustibalus        |       |       |       |       |     1 |       ||     1
       Staff             |       |       |       |       |       |   249 ||   249
 Fire: Hunting sling     |       |       |    64 |    40 |       |       ||   104
       Shortbow          |       |       |     2 |       |       |       ||     2
       Fustibalus        |       |       |       |       |   445 |    41 ||   486
Throw: Dart              |       |       |       |    16 |     8 |    13 ||    37
       Javelin           |       |       |       |       |     2 |    71 ||    73
       Throwing net      |       |       |       |       |     1 |       ||     1
 Cast: Sandblast         |    40 |    52 |   132 |    77 |   211 |       ||   512
       Poisonous Vapours |       |       |    24 |   191 |   226 |   301 ||   742
       Stone Arrow       |       |       |    20 |   112 |   237 |   115 ||   484
       Animate Skeleton  |       |       |       |    16 |   102 |    46 ||   164
       Flame Wave        |       |       |       |     3 |    17 |    13 ||    33
       Olgreb's Toxic Ra |       |       |       |       |    32 |   122 ||   154
       Vampiric Draining |       |       |       |       |    10 |    23 ||    33
       Blink             |       |       |       |       |     4 |       ||     4
       Passwall          |       |       |       |       |       |     1 ||     1
       Iron Shot         |       |       |       |       |       |    75 ||    75
Evoke: Wand              |       |       |     1 |    91 |    43 |    57 ||   192
       Phial of floods   |       |       |       |     2 |     5 |     7 ||    14
       Lightning rod     |       |       |       |       |     4 |    13 ||    17
       Box of beasts     |       |       |       |       |     1 |     7 ||     8
  Use: Scroll            |       |     4 |     5 |     9 |    14 |    14 ||    46
       Potion            |       |       |     4 |     6 |     6 |     2 ||    18
 Stab: Paralysed         |       |       |       |     6 |     3 |       ||     9
       Distracted        |       |       |       |       |       |     1 ||     1
Armor: Robe              |     1 |     1 |       |       |   126 |       ||   128
       Leather armour    |       |     8 |    27 |    59 |       |    14 ||   108
       Acid dragon scale |       |       |       |    50 |    15 |   217 ||   282
Dodge: Dodged            |     8 |    30 |    81 |   230 |   355 |   414 ||  1118
Block: Buckler           |       |       |     1 |    76 |   139 |       ||   216
       Kite shield       |       |       |       |       |    61 |   412 ||   473

Table legend: (Time is in decaauts)
 A = Elapsed time spent in this place.
 B = Non-inter-level travel time spent in this place.
 C = Inter-level travel time spent in this place.
 D = Time resting spent in this place.
 E = Time spent auto-exploring this place.
 F = Levels seen in this place.
 G = Mean time per level.
                   A        B        C        D        E       F      G
               +--------+--------+--------+--------+--------+-----+--------+
         Total |  69298 |  65075 |   4223 |  32727 |  21143 |  30 | 2309.9 |
       Dungeon |  36512 |  34106 |   2406 |  17491 |  11258 |  15 | 2434.1 |
          Lair |  14040 |  12936 |   1104 |   5834 |   4901 |   6 | 2340.0 |
        Shoals |   2619 |   2523 |     96 |   1313 |    612 |   2 | 1309.5 |
   Spider Nest |  10599 |  10148 |    451 |   5438 |   2790 |   4 | 2649.8 |
  Orcish Mines |   3615 |   3451 |    164 |   1909 |    907 |   2 | 1807.5 |
        Vaults |   1910 |   1910 |      0 |    740 |    673 |   1 | 1910.0 |
               +--------+--------+--------+--------+--------+-----+--------+

Top non-repeatable levels by time:
Spider:3: 5268 daAuts
  Lair:4: 5196 daAuts
    D:10: 4122 daAuts
    D:12: 4037 daAuts
    D:11: 3557 daAuts
     D:9: 3497 daAuts
  Lair:2: 3425 daAuts
   Orc:2: 3213 daAuts
    D:13: 2974 daAuts
    D:15: 2844 daAuts
Spider:4: 2723 daAuts
Shoals:1: 2583 daAuts
  Lair:5: 2442 daAuts
     D:8: 2425 daAuts
     D:7: 2352 daAuts
